 Dungeon Crawl Stone Soup version 0.29-a0-1043-g569b05d6ff (webtiles) character file.

Game seed: 3679331724583803465

61 nickcage the Poker (level 4, 0/33 HPs)
             Began as a Merfolk Gladiator on Aug 15, 2022.
             Constricted to death by Natasha (5 damage)
             ... on level 2 of the Dungeon.
             The game lasted 00:02:20 (1152 turns).

nickcage the Poker (Merfolk Gladiator)              Turns: 1152, Time: 00:02:20

Health: 0/33       AC:  0    Str: 16    XL:     4   Next: 7%
Magic:  4/4        EV: 13    Int:  7    God:
Gold:   49         SH:  0    Dex: 15    Spells: 3/3 levels left

rFire   . . .      SeeInvis .   (weapon currently unavailable)
rCold   . . .      Faith    .   (shield currently unavailable)
rNeg    . . .      Spirit   .   (body armour currently unavailable)
rPois   .          Reflect  .   (helmet currently unavailable)
rElec   .          Harm     .   (cloak currently unavailable)
rCorr   .          Rampage  .   (gloves currently unavailable)
Will    .....                   (boots currently unavailable)
Stlth   +.........              (no amulet)
HPRegen 0.11/turn               (ring currently unavailable)
MPRegen 0.09/turn               (ring currently unavailable)

@: confused, pig-form, grasped by roots, constricted, very quick
A: fast, no casting, small, (nimble swimmer 2), (mertail)
a: no special abilities


You were on level 2 of the Dungeon.
You were a filthy swine.
You visited 1 branch of the dungeon, and saw 2 of its levels.

You collected 49 gold pieces.

Inventory:

Hand Weapons
 a - a +0 trident (melded)
Missiles
 d - 3 throwing nets
 e - 3 javelins
 i - 5 boomerangs
Armour
 b - a +0 leather armour
 c - a +0 helmet (melded)
 l - a +0 ring mail (melded)
Scrolls
 f - a scroll of enchant weapon {unknown}
 g - 2 scrolls of vulnerability {unknown}
 j - 2 scrolls of amnesia {unknown}
 m - a scroll of teleportation {unknown}
Potions
 h - 2 potions of resistance {unknown}
 k - a potion of ambrosia {unknown}


   Skills:
 - Level 2.1 Fighting
 + Level 6.4 Polearms
 - Level 2.0 Throwing
 - Level 4.0 Dodging


You had 3 spell levels left.
You didn't know any spells.
Your spell library was empty.

Dungeon Overview and Level Annotations

Branches:
Dungeon (2/15)

Altars:

Annotations:
D:2 Natasha, Sigmund


Innate Abilities, Weirdness & Mutations

You are a filthy swine.
You move quickly.
Your equipment is almost entirely melded.
You are incapable of wielding weapons or throwing items.
You cannot cast spells.
((You are very nimble when in or above water. (Stealth+, EV+, Speed+++)))
((Your lower body shifts to a powerful aquatic tail in water.))


Message History

The worm is severely wounded.
The worm misses you.
You puncture the worm!
You kill the worm!
Natasha, Servant of Life and Death comes into view.
She is carrying a wand of roots (4).
Natasha hisses angrily.
Natasha zaps a wand.
The roots erupt in riotous growth!
The grasping roots grab you!
The worm is unaffected.
The grasping roots constrict you!
You are too injured to fight recklessly!
You are too injured to fight recklessly!
You escape the roots grasp.
You see here a +0 leather armour.
Natasha casts a spell.
Natasha zaps a wand.
The roots erupt in riotous growth!
The grasping roots grab you! The grasping roots constrict you!
* * * LOW HITPOINT WARNING * * *
You hear a shout!
You escape the roots grasp.
Sigmund the Dreaded comes into view.
He is wielding a +0 scythe and carrying a wand of polymorph (15).
Sigmund shouts!
A bat comes into view.
Sigmund gestures at you while chanting.
You are confused.
Natasha casts a spell.
The bat moves out of view.
Found a scroll labelled YRIQYGR CUNLEU.
Sigmund zaps a wand.
You turn into a filthy swine.
Your +0 trident melds into your body.
Your +0 helmet melds into your body.
Your +0 ring mail melds into your body.
You bump into the rock wall.
A rat comes into view.
You bump into the rock wall.
The bat completely misses you.
Sigmund hits you from afar with a +0 scythe.
* * * LOW HITPOINT WARNING * * *
You bump into the rock wall.
The bat closely misses you.
Natasha zaps a wand.
The roots erupt in riotous growth!
The grasping roots grab you!
The bat is unaffected.
The grasping roots constrict you.
You die...

........# ##........#####
........#### #...........[†##
###........ ##...h......##...
###......... #....w#.....#....
.........### ##.5........##....
........########.h.........#.....
......†....[..##.#........##.....
.......#.####.##.###......#....$#
.......#......##hb?###...##......
.......#..)...#...@..###.#.......
.......#..#<.##........#
##.....#..†..#..........
####.##...###..r.......
##.....#...# .....#.....
....#..#...##..........#
##.....................#
#.....#.#.###....


You could see Sigmund, Natasha, a bat and a rat.

Vanquished Creatures
  Natasha (D:2)
  A worm (D:2)
  4 dart slugs
  A bat (D:1)
  An endoplasm (D:1)
  2 giant cockroaches (D:1)
  2 goblins
  A hobgoblin (D:1)
  A quokka (D:1)
  3 ball pythons (D:1)
  2 frilled lizards
  5 kobolds
  6 rats (D:1)
30 creatures vanquished.

Notes
Turn   | Place    | Note
-------+----------+-------------------------------------------
     0 | D:1      | nickcage the Merfolk Gladiator began the quest for the Orb.
     0 | D:1      | Reached XP level 1. HP: 16/16 MP: 1/1
   191 | D:1      | Reached XP level 2. HP: 22/22 MP: 2/2
   244 | D:1      | Reached skill level 5 in Polearms
   518 | D:1      | Reached XP level 3. HP: 13/27 MP: 3/3
   869 | D:2      | Noticed Natasha
   880 | D:2      | Killed Natasha
   881 | D:2      | Reached skill level 6 in Polearms
  1044 | D:2      | Reached XP level 4. HP: 33/33 MP: 4/4
  1130 | D:2      | Noticed Natasha
  1147 | D:2      | Noticed Sigmund
  1152 | D:2      | Constricted to death by Natasha

Illustrated notes

Levels and vault maps discovered:
D:1:      lemuel_arrival_lava_pool, layout_basic,
          chequers_serial_rivers_small_a, minmay_crystal_room
D:2:      minmay_skewed_foursquare, layout_basic, ebering_ecumenical_altar_hall,
          uniq_natasha, uniq_sigmund

Skill      XL: |  1  2  3 |
---------------+----------+-----
Polearms       | 5 6 |  6.4
Fighting       | |  2.1
Throwing       | |  2.0
Dodging        | |  4.0

Action                   |  1- 3 |  4- 6 || total
-------------------------+-------+-------++-------
Melee: Trident           |    75 |    10 ||    85
       Punch             |     1 |       ||     1
 Stab: Sleeping          |     1 |       ||     1
Armor: Leather armour    |     3 |       ||     3
       Ring mail         |    24 |       ||    24
Dodge: Dodged            |    54 |     4 ||    58

Table legend: (Time is in decaauts)
 A = Elapsed time spent in this place.
 B = Non-inter-level travel time spent in this place.
 C = Inter-level travel time spent in this place.
 D = Time resting spent in this place.
 E = Time spent auto-exploring this place.
 F = Levels seen in this place.
 G = Mean time per level.
                   A        B        C        D        E       F      G
               +--------+--------+--------+--------+--------+-----+--------+
         Total |   1162 |   1146 |     16 |    268 |    648 |   2 |  581.0 |
       Dungeon |   1162 |   1146 |     16 |    268 |    648 |   2 |  581.0 |
               +--------+--------+--------+--------+--------+-----+--------+

Top non-repeatable levels by time:
     D:1: 986 daAuts
     D:2: 176 daAuts
